 Dungeon Crawl Stone Soup version 0.31-a0-188-g5e087ee2ca (webtiles) character file.

Game seed: 1520206074519005920

208 qw the Skirmisher (level 5, -8/29 HPs)
             Began as a Deep Elf Hunter on June 22, 2023.
             Mangled by an ogre
             ... wielding a +0 giant spiked club
              (10 damage)
             ... on level 3 of the Dungeon.
             The game lasted 00:00:40 (1654 turns).

qw the Skirmisher (Deep Elf Hunter)                 Turns: 1654, Time: 00:00:41

Health: -8/29      AC:  7    Str: 10    XL:     5   Next: 55%
Magic:  7/7        EV: 11    Int: 14    God:
Gold:   104        SH:  0    Dex: 18    Spells: 4/4 levels left

rFire   . . .        Y - +0 shortbow (freeze)
rCold   . . .        (shield currently unavailable)
rNeg    . . .        g - +0 ring mail
rPois   .            (no helmet)
rElec   .            e - +0 cloak
rCorr   +            (no gloves)
SInv    +            d - +0 pair of boots
Will    .....        (no amulet)
Stlth   +            b - ring of see invisible
HPRegen 0.24/turn    i - ring of resist corrosion
MPRegen 0.10/turn

%: no passive effects
@: no status effects
A: no striking features
a: no special abilities


You were on level 3 of the Dungeon.
You visited 1 branch of the dungeon, and saw 3 of its levels.

You collected 104 gold pieces.


   Skills:
 + Level 1.6 Fighting
 - Level 9.1 Ranged Weapons
 - Level 2.4 Dodging
 - Level 1.2 Stealth


You had 4 spell levels left.
You didn't know any spells.
Your spell library was empty.

Inventory:

Hand Weapons
 Y - a +0 shortbow of freezing (weapon)
Armour
 d - a +0 pair of boots (worn)
 e - a +0 cloak (worn)
 g - a +0 ring mail (worn)
Jewellery
 b - a ring of see invisible (left hand)
 i - a ring of resist corrosion (right hand)
Scrolls
 a - a scroll of identify
 h - a scroll of enchant armour {unknown}
Potions
 c - a potion of enlightenment {unknown}
 f - 2 potions of haste

Dungeon Overview and Level Annotations

Branches:
Dungeon (3/15)

Altars:
Makhleb
Vehumet


Message History

You open the door.
There is an open door here.
A rat comes into view.
Enter note: You shoot an arrow.
The arrow barely misses the rat.
Found a large silver amulet.
The rat twitches its whiskers.
Enter note: You shoot an arrow.
The arrow hits the rat!
The arrow freezes the rat.
You kill the rat!
You see here a rat corpse.
You now have 104 gold pieces (gained 8).
An ogre comes into view. It is wielding a +0 giant spiked club.
Enter note: You shoot an arrow.
The arrow hits the ogre!
The arrow freezes the ogre.
The ogre shouts!
The ogre is moderately wounded.
A bat comes into view.
The bat hits you but does no damage.
You shoot an arrow. The arrow misses the bat.
The bat hits you. The bat barely misses you.
You shoot an arrow. The arrow misses the bat.
The bat hits you but does no damage.
You shoot an arrow. The arrow barely misses the bat.
The bat hits you but does no damage.
You shoot an arrow. The arrow hits the bat.
The arrow freezes the bat.
You kill the bat!
You shoot an arrow. The arrow hits the ogre.
The arrow freezes the ogre.
The ogre is heavily wounded.
You shoot an arrow.
The arrow hits the ogre but does no damage.
The ogre is heavily wounded.
The ogre hits you with a +0 giant spiked club!
Ouch! That really hurt!
You shoot an arrow. The arrow barely misses the ogre.
The ogre hits you with a +0 giant spiked club!
You shoot an arrow. The arrow hits the ogre!
The arrow freezes the ogre.
The ogre is almost dead.
The ogre hits you with a +0 giant spiked club!
You die...

#.#................#
####.#......#########.#
.....#......# ..#.#
######......# #.#.#
##..........# #.#.#
..............# #.#.#
###......#.########.#.#
..#....#.#..#."%.##.#.#
<.#..###.#..# ##@...#.#
..#.. #.#..# #.O...%.#
_.#. #. .##.........#
..# ....#.####.## ###
#.##.#. .... ... . # #.
.#.#.# ... #. #.#...#
.... #. . ..# # ...> .#
...


You could see an ogre.

Vanquished Creatures
  A phantom (D:3)
  A crimson imp (D:3)
  An iguana (D:2)
  3 adders (D:2)
  2 dart slugs (D:1)
  An orc (D:3)
  5 endoplasms
  2 giant cockroaches
  5 goblins
  A hobgoblin (D:1)
  2 quokkas (D:1)
  4 ball pythons
  6 bats
  4 frilled lizards (D:1)
  8 kobolds
  3 rats
49 creatures vanquished.

Notes
Turn   | Place    | Note
-------+----------+-------------------------------------------
     0 | D:1      | qw the Deep Elf Hunter began the quest for the Orb.
     0 | D:1      | Reached XP level 1. HP: 12/12 MP: 3/3
     0 | D:1      | 0 ||| qw: Version: 0.3-a-9-g12657ce
     0 | D:1      | 0 ||| qw: Game counter: 3018
     0 | D:1      | 0 ||| qw: Always use a shield: true
     0 | D:1      | 0 ||| qw: God list: Okawaru
     0 | D:1      | 0 ||| qw: Allow faded altars: false
     0 | D:1      | 0 ||| qw: Do Orc after D:15 true
     0 | D:1      | 0 ||| qw: Do second Lair branch before Depths: true
     0 | D:1      | 0 ||| qw: Lair rune preference: random
     0 | D:1      | 0 ||| qw: Plans: Normal
     0 | D:1      | 0 ||| PLANNING D:1-11
   237 | D:1      | Reached skill level 6 in Ranged Weapons
   237 | D:1      | Reached XP level 2. HP: 16/16 MP: 4/4
   899 | D:1      | Reached XP level 3. HP: 20/20 MP: 5/5
   912 | D:1      | 912 ||| READING scroll labelled OXZUPI EPPEGH.
   913 | D:1      | 913 ||| READING 2 scrolls labelled DEFUOBIDGHO.
   914 | D:1      | 914 ||| READING scroll labelled FAMIETS WUMN.
   915 | D:1      | 915 ||| READING scroll labelled OFUUGG UTHO.
   916 | D:1      | 916 ||| DRINKING 2 metallic sapphire potions.
   923 | D:1      | 923 ||| DRINKING 3 blue potions.
   924 | D:1      | 924 ||| DROPPING scroll of butterflies.
   925 | D:1      | 925 ||| DROPPING potion of ambrosia.
   926 | D:1      | 926 ||| DROPPING scroll of amnesia.
   954 | D:2      | Reached skill level 7 in Ranged Weapons
  1009 | D:2      | HP: 5/20 [kobold/+0 whip (4)]
  1105 | D:2      | Reached XP level 4. HP: 25/25 MP: 6/6
  1389 | D:2      | 1389 ||| UPGRADING to +0 pair of boots.
  1394 | D:2      | 1394 ||| UPGRADING to +0 cloak.
  1399 | D:2      | 1399 ||| UPGRADING to +0 ring mail.
  1409 | D:2      | 1409 ||| DROPPING +0 leather armour.
  1410 | D:2      | 1410 ||| UPGRADING to ring of see invisible.
  1411 | D:2      | 1411 ||| UPGRADING to ring of resist corrosion.
  1412 | D:2      | 1412 ||| READING 3 scrolls of identify.
  1412 | D:2      | 1412 ||| IDENTIFYING bubbling cyan potion
  1413 | D:2      | 1413 ||| READING 2 scrolls of identify.
  1413 | D:2      | 1413 ||| IDENTIFYING glowing ruby potion
  1414 | D:2      | 1414 ||| DROPPING potion of brilliance.
  1415 | D:2      | 1415 ||| DROPPING potion of degeneration.
  1454 | D:3      | Found a faded altar of an unknown god.
  1455 | D:3      | 1455 ||| Stepping randomly (stuck).
  1473 | D:3      | Found a burning altar of Makhleb.
  1473 | D:3      | Found a radiant altar of Vehumet.
  1488 | D:3      | Reached skill level 8 in Ranged Weapons
  1519 | D:3      | Noticed a phantom
  1536 | D:3      | Killed a phantom
  1537 | D:3      | Reached skill level 9 in Ranged Weapons
  1537 | D:3      | Reached XP level 5. HP: 18/29 MP: 7/7
  1645 | D:3      | Noticed an ogre
  1653 | D:3      | HP: 1/29 [ogre/+0 giant spiked club (13)]
  1654 | D:3      | Mangled by an ogre

Levels and vault maps discovered:
D:1:      dpeg_arrival_more_subterranean_lakeside_camping, layout_basic
D:2:      layout_rooms
D:3:      layout_basic, grunt_temple_overflow_lords_of_destruction,
          serial_rivers, chequers_serial_rivers_small_b,
          chequers_serial_rivers_small_3, chequers_serial_rivers_micro_e,
          chequers_serial_rivers_large_a, chequers_serial_rivers_micro_c,
          chequers_serial_rivers_micro_c, nicolae_ecumenical_oubliette

Skill      XL: |  1  2  3  4 |
---------------+-------------+-----
Ranged Weapons | 6 7 9 |  9.1
Fighting       | |  1.6
Dodging        | |  2.4
Stealth        | |  1.2

Action                     |  1- 3 |  4- 6 || total
---------------------------+-------+-------++-------
   Fire: Shortbow          |    82 |    71 ||   153
    Use: Scroll            |     4 |     2 ||     6
         Potion            |     2 |       ||     2
 Armour: Leather armour    |    12 |     1 ||    13
         Ring mail         |       |    12 ||    12
  Dodge: Dodged            |    26 |    18 ||    44

Table legend:
 A = Non-vault XP
 B = Vault XP
 C = Vault XP percentage of total XP
 D = Non-vault monster count
 E = Vault monster count
 F = Vault count percentage of total count
                 A         B        C        D         E       F
            +---------+---------+-------+---------+---------+-------
      Total |     248 |      50 |  16.8 |      48 |       1 |   2.0
            +---------+---------+-------+---------+---------+-------
        D:1 |      44 |       0 |   0.0 |      26 |       0 |   0.0
        D:2 |      92 |       0 |   0.0 |      16 |       0 |   0.0
        D:3 |     112 |      50 |  30.9 |       6 |       1 |  14.3
            +---------+---------+-------+---------+---------+-------
